 Dungeon Crawl Stone Soup version 0.16-a0-2640-g4d92b31 (webtiles) character file.

24060 Leibowitz the Nimble (level 12, -11/97 HPs)
             Began as a Demonspawn Monk on Nov 23, 2014.
             Was the Champion of Makhleb.
             Splashed by an acid blob's acid (13 damage)
             ... on level 6 of the Lair of Beasts.
             The game lasted 01:43:57 (17185 turns).

Leibowitz the Nimble (Demonspawn Monk)             Turns: 17185, Time: 01:43:57

Health: -11/97     AC: -9    Str: 14    XL:     12   Next: 77%
Magic:  0/25       EV: 17    Int: 12    God:    Makhleb [******]
Gold:   593        SH: 10    Dex: 20    Spells: 0 memorised, 11 levels left

rFire  . . .     SeeInvis .     a - +2 trident (venom)
rCold  + + .     Clarity  .     Q - +5 ring mail of the Beekeeper {+Blink +Inv rElec rC+ Stlth--}
rNeg   . . .     SustAb   +     P - +0 shield
rPois  .         Gourm    .     (no helmet)
rElec  +         Spirit   +     q - +2 cloak
rCorr  .         Warding  .     i - +2 pair of gloves (curse)
rMut   .         Stasis   .     (boots unavailable)
MR     .....                    o - amulet of guardian spirit
Stlth  +.........               x - ring of protection from cold
                                c - ring of sustain abilities (curse)

@: about to teleport, corroded equipment, not resistant to hostile enchantments,
very unstealthy
A: hooves 3, yellow scales 2, deterioration 1, powered by pain 2, spiny 2,
strong 1, MP-powered wands 1
a: Minor Destruction, Lesser Servant of Makhleb, Major Destruction, Greater
Servant of Makhleb, Renounce Religion, Evoke Blink, Evoke Invisibility


You were on level 6 of the Lair of Beasts.
You worshipped Makhleb.
Makhleb was exalted by your worship.
You were not hungry.

You visited 5 branches of the dungeon, and saw 21 of its levels.
You also visited: Sewer and Ice Cave.

You collected 858 gold pieces.
You spent 265 gold pieces at shops.

Inventory:

Hand weapons
 a - a +2 trident of venom (weapon)
 b - a +0 blowgun
 t - a +0 hand axe of flaming
 E - a +0 war axe of electrocution
Missiles
 s - 22 poisoned needles
 H - 4 curare-tipped needles
Armour
 i - a cursed +2 pair of gloves (worn)
 q - a +2 cloak (worn)
 K - a +2 robe of magic resistance
 P - a +0 shield (worn)
 Q - the +5 ring mail of the Beekeeper (worn) {+Blink +Inv rElec rC+ Stlth--}
   (You found it on level 7 of the Lair of Beasts)

   It protects you from cold.
   It insulates you from electricity.
   It lets you turn invisible.
   It lets you blink.
   It makes you much less stealthy.
Rods
 O - a +0 rod of ignition (13/13)
   (You found it on level 1 of the Lair of Beasts)
Jewellery
 c - a cursed ring of sustain abilities (left hand)
 h - an uncursed ring of fire
 o - an amulet of guardian spirit (around neck)
 p - an uncursed ring of stealth
 r - an uncursed ring of ice
 x - a ring of protection from cold (right hand)
 z - an uncursed ring of protection from fire
Magical devices
 k - a wand of draining (0)
 v - a wand of confusion (37)
 y - a wand of confusion (16)
 F - a wand of paralysis (23)
 J - a wand of frost (35)
 N - a wand of teleportation (4)
 R - a wand of polymorph (11)
 T - a wand of draining (6)
Scrolls
 d - 3 scrolls of enchant weapon
 f - 9 scrolls of remove curse
 g - 2 scrolls of amnesia
 j - 10 scrolls of identify
 u - a scroll of brand weapon
 w - 5 scrolls of teleportation
 A - 2 scrolls of recharging
 I - a scroll of fog
Potions
 e - 2 potions of magic
 m - a potion of haste
 B - 2 potions of brilliance
 C - 3 potions of agility
 G - a potion of restore abilities
Comestibles
 l - 12 royal jellies
 D - 7 bread rations
 L - a meat ration
 S - 2 fruits


   Skills:
 * Level 9.9 Fighting
   Level 3.3 Short Blades
 + Level 3.3(4.1) Axes
 * Level 3.8(4.4) Polearms
 + Level 1.8 Throwing
 + Level 4.8 Armour
 + Level 11.6 Dodging
 + Level 6.1 Stealth
 * Level 4.8 Shields
 + Level 5.7 Unarmed Combat
 * Level 10.0 Invocations
 + Level 0.2 Evocations


You had 11 spell levels left.
You didn't know any spells.

Dungeon Overview and Level Annotations

Branches:
Dungeon (10/15)            Temple (1/1) D:6            Lair (8/8) D:10
 Spider (1/5) Lair:5        Slime (1/6) Lair:6
  Swamp: Lair:3-6    Shoals: Lair:3-6       Orc: D:9-12

Altars:
Elyvilon
Gozag
Kikubaaqudgha
Makhleb
Nemelex Xobeh
Okawaru
Sif Muna
Trog
Vehumet
Zin
The Shining One

Shops:
D:4 ?*   D:5 %   D:10 *

Annotations:
D:5 exclusion: gargoyle
D:7 Thrillho's ghost, experienced DEFE
D:9 runed door
Lair:5 exclusion: oklob plant
Lair:6 exclusion: 2 oklob plants


Innate Abilities, Weirdness & Mutations

You have hooves in place of feet.
You are mostly covered in yellow scales (AC +3).
You sometimes gain power by taking damage.
You are mostly covered in sharp spines.
Your body is slowly deteriorating.
Your muscles are strong. (Str +2)
You expend magic power (6 MP) to slightly strengthen your wands.


Message History

The acid corrodes your equipment!
The acid burns!
* * * LOW HITPOINT WARNING * * *
Unknown command.
Read which item? (? for menu, Esc to quit)
As you read the scroll of teleportation, it crumbles to dust.
You feel strangely unstable.
Drink which item? (? for menu, Esc to quit)
You feel better. The acid blob spits acid at you. The splash of acid hits you!
* * * LOW HITPOINT WARNING * * *
The acid corrodes your equipment!
The acid burns!
* * * LOW HITPOINT WARNING * * *
Drink which item? (? for menu, Esc to quit)
You feel better. The acid blob spits acid at you. The splash of acid hits you!
* * * LOW HITPOINT WARNING * * *
The acid burns!
You die...

#.....## #...#### #
##......## ##P....# ##
#........# ##....# #.
#..#.....## ##...####
#.J###....# #.....##
#...###J..## #.......
#....###...### #.......
#....# #.....# ##......
#....###@....#### #......
#.....####..#...###......
#.....## #..#P...........
###.P..# ##...........<..
#...>.# #..............
##P...# #..............
#.#.## #..P.......#P##
####. ##P.###.###### ##
#### ###


You could see an acid blob.

Vanquished Creatures
  A hydra (Lair:6)
  Fannar (D:10)
  A death yak (Lair:5)
  Pikel (D:9)
  3 wolf spiders (Lair:5)
  2 black mambas
  7 spiny frogs
  4 fire drakes
  A jumping spider (Lair:5)
  A polar bear (Lair:6)
  A komodo dragon (Lair:6)
  A queen bee (Lair:7)
  A troll (D:9)
  A blue devil (IceCv)
  A boulder beetle (Lair:6)
  A basilisk (Lair:6)
  11 yaks
  A redback (Lair:5)
  4 hippogriffs
  A hungry ghost (D:10)
  7 porcupines
  4 wolves (Lair:1)
  A soldier ant (Lair:5)
  2 sky beasts
  An ice beast (D:10)
  6 orc warriors
  8 water moccasins
  A spider (Lair:5)
  A slave (D:9)
  A phantom (D:6)
  5 crocodiles
  3 ogres
  2 centaurs
  9 giant frogs
  2 big kobolds (D:8)
  A wyvern skeleton (D:9)
  3 scorpions
  35 killer bees
  A troll skeleton (D:9)
  A spriggan skeleton (D:9)
  5 electric eels (Lair:6)
  4 goliath beetles
  3 hounds
  A centaur zombie (D:9)
  10 orc wizards
  Crazy Yiuf (D:7)
  A giant frog zombie (D:7)
  A quasit (D:10)
  A giant frog skeleton (D:9)
  5 iguanas
  A jelly (D:5)
  5 orc priests
  A centaur skeleton (D:9)
  2 orange rats (Lair:5)
  4 worker ants
  5 sheep (Lair:6)
  2 mummies
  A hound skeleton (D:5)
  15 adders
  7 gnolls
  35 river rats
  A giant mite (D:4)
  2 shadow imps (D:9)
  2 worms
  4 giant geckos
  An ooze (D:5)
  39 orcs
  7 ball pythons
  12 bats
  2 bat skeletons
  5 giant cockroaches
  8 goblins
  15 hobgoblins
  10 jackals
  7 quokkas
  10 giant newts
  2 giant spores
  44 kobolds
  18 rats
  5 ballistomycetes
  9 plants
452 creatures vanquished.

Vanquished Creatures (collateral kills)
  4 death yaks (Lair:5)
  An elephant (D:10)
  A queen ant (Lair:5)
  A torpor snail (Lair:7)
  2 spiny frogs (Lair:5)
  A basilisk (Lair:5)
  8 yaks
  19 soldier ants (Lair:5)
  A crocodile (Lair:7)
  2 giant frogs (Lair:5)
  4 orange rats (Lair:5)
  15 worker ants (Lair:5)
  A sheep (D:10)
  12 river rats
72 creatures vanquished.

Vanquished Creatures (others)
  A basilisk (Lair:6)
  A hippogriff (D:9)
  3 slaves (D:9)
  A killer bee (D:9)
  A worker ant (Lair:5)
  An orc wizard (D:4)
  An adder skeleton (D:9)
  An adder zombie (D:9)
  6 orcs
  A kobold (D:9)
  A bat (D:9)
  2 fungi
  2 plants (Lair:6)
22 creatures vanquished.

Grand Total: 546 creatures vanquished

Notes
Turn   | Place    | Note
--------------------------------------------------------------
     0 | D:1      | Leibowitz, the Demonspawn Monk, began the quest for the Orb.
     0 | D:1      | Reached XP level 1. HP: 18/18 MP: 1/1
   338 | D:1      | Gained mutation: You have large cloven feet. [demonic ancestry]
   338 | D:1      | Reached XP level 2. HP: 22/24 MP: 2/2
   611 | D:1      | Reached skill level 4 in Unarmed Combat
  1072 | D:1      | Gained mutation: You are partially covered in sharp spines. [demonic ancestry]
  1072 | D:1      | Reached XP level 3. HP: 25/29 MP: 3/3
  1687 | D:1      | Gained mutation: Your muscles are strong. (Str +2) [potion of mutation]
  1687 | D:1      | Gained mutation: Your body is slowly deteriorating. [potion of mutation]
  1687 | D:1      | Gained mutation: You expend magic power (6 MP) to slightly strengthen your wands. [potion of mutation]
  2244 | D:3      | Gained mutation: You are mostly covered in sharp spines. [demonic ancestry]
  2244 | D:3      | Reached XP level 4. HP: 35/35 MP: 4/4
  3112 | D:4      | Reached XP level 5. HP: 19/42 MP: 5/5
  3294 | D:4      | Found Smom's Magic Scroll Shop.
  3314 | D:4      | Bought a scroll of teleportation for 42 gold pieces
  3423 | D:4      | Reached skill level 1 in Armour
  3483 | D:4      | Found a glowing drain.
  3487 | Sewer    | Entered a sewer
  4711 | D:4      | Found Xaent's Serpentskin Sales.
  4784 | D:4      | Reached skill level 5 in Unarmed Combat
  4784 | D:4      | Gained mutation: You are partially covered in yellow scales (AC +2). [demonic ancestry]
  4784 | D:4      | Reached XP level 6. HP: 48/48 MP: 6/6
  5240 | D:5      | Entered Level 5 of the Dungeon
  5259 | D:5      | Found Kluxit's Food Emporium.
  5540 | D:5      | Noticed a gargoyle
  5565 | D:5      | Found an iron altar of Okawaru.
  5694 | D:5      | Found a sparkling altar of Nemelex Xobeh.
  5789 | D:5      | Gained mutation: You sometimes gain a little power by taking damage. [demonic ancestry]
  5789 | D:5      | Reached XP level 7. HP: 28/55 MP: 7/7
  5997 | D:5      | Reached skill level 5 in Dodging
  6484 | D:6      | Reached skill level 1 in Short Blades
  6513 | D:6      | Found a staircase to the Ecumenical Temple.
  6521 | Temple   | Entered the Ecumenical Temple
  6547 | Temple   | Became a worshipper of Makhleb the Destroyer
  6547 | Temple   | Acquired Makhleb's first power
  6547 | Temple   | Acquired Makhleb's second power
  6980 | D:6      | Reached skill level 5 in Fighting
  6980 | D:6      | Gained mutation: You are mostly covered in yellow scales (AC +3). [demonic ancestry]
  6980 | D:6      | Reached XP level 8. HP: 52/62 MP: 8/8
  7008 | D:6      | Reached skill level 6 in Dodging
  7439 | D:6      | Found a glowing golden altar of the Shining One.
  7440 | D:6      | Found an ancient bone altar of Kikubaaqudgha.
  7442 | D:6      | Found a radiant altar of Vehumet.
  7446 | D:6      | Found a deep blue altar of Sif Muna.
  7452 | D:6      | Found a bloodstained altar of Trog.
  7454 | D:6      | Found a white marble altar of Elyvilon.
  7792 | D:7      | Noticed Thrillho's ghost (experienced DEFE)
  8161 | D:7      | Acquired Makhleb's third power
  8161 | D:7      | Reached skill level 7 in Dodging
  8161 | D:7      | Reached skill level 1 in Invocations
  8191 | D:7      | Noticed Crazy Yiuf
  8202 | D:7      | Killed Crazy Yiuf
  8512 | D:8      | Gained mutation: You sometimes gain power by taking damage. [demonic ancestry]
  8512 | D:8      | Reached XP level 9. HP: 67/69 MP: 10/10
  8683 | D:8      | Reached skill level 1 in Throwing
  8695 | D:8      | Acquired Makhleb's fourth power
  8742 | D:8      | Reached skill level 5 in Stealth
  8777 | D:8      | Reached skill level 8 in Dodging
  9098 | D:9      | Noticed Pikel
  9122 | D:9      | Killed Pikel
  9472 | D:9      | Acquired Makhleb's fifth power
  9487 | D:9      | Found an opulent altar of Gozag.
  9617 | D:9      | Reached skill level 9 in Dodging
  9617 | D:9      | Reached XP level 10. HP: 30/77 MP: 15/17
 10266 | D:9      | Found a runed door.
 10500 | D:10     | Entered Level 10 of the Dungeon
 10519 | D:10     | Found Zeng's Assorted Antiques.
 10543 | D:10     | Bought an embroidered robe for 20 gold pieces
 10543 | D:10     | Bought a scroll labeled GHOTWE TWESH for 29 gold pieces
 10543 | D:10     | Bought a scroll labeled FOLELA LIANACA for 29 gold pieces
 10543 | D:10     | Bought a potion of heal wounds for 145 gold pieces
 10597 | D:10     | Noticed Fannar
 10622 | D:10     | Killed Fannar
 10622 | D:10     | Reached skill level 1 in Axes
 10693 | D:10     | Found a staircase to the Lair.
 10693 | D:10     | Noticed an elephant
 10718 | D:10     | Killed an elephant
 10743 | Lair:1   | Entered Level 1 of the Lair of Beasts
 10753 | Lair:1   | Reached skill level 5 in Invocations
 10970 | Lair:1   | Reached skill level 10 in Dodging
 10998 | Lair:1   | Gained mutation: You have hoof-like feet. [demonic ancestry]
 10998 | Lair:1   | Reached XP level 11. HP: 77/86 MP: 20/20
 11290 | Lair:1   | Identified a +0 rod of ignition (13/13) (You found it on level 1 of the Lair of Beasts)
 11295 | Lair:1   | Found a frozen archway.
 11320 | IceCv    | Entered an ice cave
 11330 | IceCv    | Noticed an ice devil
 12211 | Lair:2   | Got a shimmering ring mail
 12222 | Lair:2   | Identified the +1 ring mail "Ureno" {Stlth+} (You found it on level 2 of the Lair of Beasts)
 12265 | Lair:2   | Reached skill level 1 in Polearms
 12931 | Lair:8   | Entered Level 8 of the Lair of Beasts
 12965 | Lair:7   | Got a bloodstained ring mail
 12976 | Lair:7   | Identified the +5 ring mail of the Beekeeper {+Blink +Inv rElec rC+ Stlth--} (You found it on level 7 of the Lair of Beasts)
 13056 | Lair:7   | Reached skill level 1 in Shields
 13984 | Lair:7   | Reached skill level 11 in Dodging
 14604 | Lair:7   | Gained mutation: You have hooves in place of feet. [demonic ancestry]
 14604 | Lair:7   | Reached XP level 12. HP: 55/95 MP: 23/23
 15119 | Lair:6   | Found a staircase to the Slime Pits.
 15305 | Lair:6   | Noticed a five-headed hydra
 15320 | Lair:6   | Killed a one-headed hydra
 16297 | Lair:5   | Noticed a death yak
 16299 | Lair:5   | Killed a death yak
 16304 | Lair:5   | Noticed a death yak
 16310 | Lair:5   | Killed a death yak
 16319 | Lair:5   | Noticed a death yak
 16319 | Lair:5   | Noticed a death yak
 16320 | Lair:5   | Noticed a death yak
 16322 | Lair:5   | Killed a death yak
 16324 | Lair:5   | Killed a death yak
 16326 | Lair:5   | Killed a death yak
 16878 | Lair:5   | Found a hole to the Spider Nest.
 16907 | Spider:1 | Entered Level 1 of the Spider Nest
 16914 | Lair:5   | Reached skill level 10 in Invocations
 17163 | Slime:1  | Entered Level 1 of the Pits of Slime
 17163 | Slime:1  | Noticed an acid blob
 17184 | Lair:6   | HP: 3/97 [acid (8)]
 17185 | Lair:6   | Splashed by an acid blob's acid

Action                   |  1- 3 |  4- 6 |  7- 9 | 10-12 || total
-------------------------+-------+-------+-------+-------++-------
Melee: Unarmed           |   182 |   513 |    93 |    20 ||   808
       Dagger            |       |    79 |   381 |    74 ||   534
       War axe           |       |       |       |   133 ||   133
       Trident           |       |       |       |   628 ||   628
       Hand axe          |       |       |       |    10 ||    10
 Fire: Blowgun           |       |     6 |    10 |     4 ||    20
Throw: Throwing net      |       |       |     1 |       ||     1
Invok: Minor Destruction |       |       |    44 |    45 ||    89
       Major Destruction |       |       |     2 |     2 ||     4
       Greater Servant o |       |       |       |     6 ||     6
Evoke: Wand              |       |       |     2 |       ||     2
       Rod               |       |       |       |     2 ||     2
  Use: Potion            |     5 |     6 |     6 |    12 ||    29
       Scroll            |     3 |     1 |     8 |    10 ||    22
 Stab: Sleeping          |     1 |     4 |    11 |    14 ||    30
       Invisible         |       |     4 |     3 |       ||     7
       Paralysed         |       |       |     1 |       ||     1
       Distracted        |       |       |       |     2 ||     2
  Eat: Chunk             |     4 |    12 |     4 |       ||    20
       Beef jerky        |       |       |     4 |     1 ||     5
       Meat ration       |       |       |     1 |     1 ||     2
       Pizza             |       |       |     1 |       ||     1
       Royal jelly       |       |       |       |    10 ||    10
       Fruit             |       |       |       |     3 ||     3
